 Dungeon Crawl Stone Soup version 0.23.0-3-gf3c87f2df8 (webtiles) character file.

Game seed: 2145828501400403122

365 Flure the Chiller (level 6, 0/48 HPs)
             Began as a Draconian Ice Elementalist on Feb 22, 2019.
             Killed by nerve-wracking pain
             ... invoked by Grinder
              (6 damage)
             ... while paralysed by Grinder
             ... on level 4 of the Dungeon.
             The game lasted 00:05:38 (3452 turns).

Flure the Chiller (Draconian Ice Elementalist)      Turns: 3452, Time: 00:05:39

Health: 0/48       AC:  7    Str: 10    XL:     6   Next: 40%
Magic:  9/9        EV:  2    Int: 16    God:
Gold:   200        SH:  0    Dex: 13    Spells: 5/10 levels left

rFire    . . .     SeeInvis .   d - +2 short sword (venom)
rCold    . . .     Gourm    .   h - +0 shield
rNeg     . . .     Faith    .   (armour unavailable)
rPois    .         Spirit   .   (helmet restricted)
rElec    .         Reflect  .   (no cloak)
rCorr    .         Harm     .   (no gloves)
MR       .....                  l - +0 pair of boots
Stlth    ++........             (no amulet)
HPRegen  0.16/turn              (no ring)
MPRegen  0.11/turn              (no ring)

@: paralysed
A: unfitting armour, cold-blooded, AC +6
a: no special abilities


You were on level 4 of the Dungeon.
You were not hungry.

You visited 1 branch of the dungeon, and saw 4 of its levels.

You collected 200 gold pieces.

Inventory:

Hand Weapons
 a - a +0 spear
 d - a +2 short sword of venom (weapon)
Missiles
 A - a throwing net (quivered)
Armour
 h - a +0 shield (worn)
 l - a +0 pair of boots (worn)
Jewellery
 n - an uncursed ring of protection from fire {unknown}
 w - an uncursed ring of protection from magic {unknown}
 D - an uncursed ring of protection from fire {unknown}
 E - a cursed ring of teleportation {unknown}
Scrolls
 g - 3 scrolls of immolation {unknown}
 i - 4 scrolls of remove curse {unknown}
 j - 2 scrolls of enchant armour {unknown}
 m - a scroll of fog {unknown}
 p - 2 scrolls of teleportation {unknown}
 q - a scroll of random uselessness {unknown}
 r - 4 scrolls of identify {unknown}
 t - a scroll of fear {unknown}
 x - a scroll of noise {unknown}
 y - a scroll of enchant weapon {unknown}
 z - a scroll of amnesia {unknown}
 B - a scroll of blinking {unknown}
 C - a scroll of magic mapping {unknown}
Potions
 c - a potion of degeneration {unknown}
 e - a potion of curing
 f - a potion of cancellation {unknown}
 k - a potion of invisibility {unknown}
 o - a potion of lignification {unknown}
 s - a potion of mutation {unknown}
 u - a potion of might {unknown}
 v - a potion of heal wounds {unknown}
 F - a potion of flight {unknown}
Comestibles
 b - 8 rations


   Skills:
 * Level 2.2 Fighting
 * Level 3.5 Short Blades
 - Level 3.0 Dodging
 - Level 2.0 Stealth
 * Level 2.0 Shields
 + Level 2.6 Spellcasting
   Level 1.0 Conjurations
 + Level 3.8 Ice Magic


You had 5 spell levels left.
You knew the following spells:

 Your Spells              Type           Power        Failure   Level  Hunger
a - Freeze                Ice            ##..         22%         1    #......
b - Summon Ice Beast      Ice/Summ       #.......     99%         4    #####..

Your spell library contained the following spells:

 Spells                   Type           Power        Failure   Level  Hunger
 Throw Frost              Conj/Ice       #.....       52%         2    ##.....
 Ozocubu's Armour         Chrm/Ice       #.......     82%         3    ###....
 Throw Icicle             Conj/Ice       #.......     98%         4    #####..


Dungeon Overview and Level Annotations

Branches:
Dungeon (4/15)
 Temple: D:4-7

Altars:
Okawaru

Annotations:
D:4 Grinder


Innate Abilities, Weirdness & Mutations

Your plain brown scales are hard. (AC +6)
You cannot fit into any form of body armour.
You are cold-blooded and may be slowed by cold attacks.


Message History

Grinder is heavily wounded.
Grinder hits you.
* * * LOW HITPOINT WARNING * * *
You writhe in agony.
* * * LOW HITPOINT WARNING * * *
Your shield prevents you from hitting Grinder.
Grinder is heavily wounded.
Grinder hits you.
* * * LOW HITPOINT WARNING * * *
You feel better. Grinder gestures at you.
You suddenly lose the ability to move!
Grinder hits you but does no damage. x2
Grinder hits you!
* * * LOW HITPOINT WARNING * * *
You writhe in agony.
* * * LOW HITPOINT WARNING * * *
Grinder gestures at you. Pain shoots through your body!
You die...

###########
#.....†...#
#.#######.# #.# #.#
#.# #.# #.# #.#
#.#######.###
#.##..5@....# #######
#.#...###.#.# ......#
#.........# #
#####.####.#...#####
#.#....###.##
#...###.#..#
.###.#.####)#.#
.....#...##.#.#### .#
...#####.>..........#.


You could see Grinder.

Vanquished Creatures
  A big kobold (D:4)
  2 hounds (D:4)
  An orc priest (D:3)
  An orc wizard (D:4)
  Jessica (D:2)
  A worker ant (D:4)
  5 adders
  An ooze (D:1)
  2 worms (D:3)
  3 leopard geckos
  3 orcs (D:3)
  7 ball pythons
  4 bats
  3 giant cockroaches
  8 goblins
  9 hobgoblins
  3 jackals (D:4)
  2 quokkas (D:3)
  5 frilled lizards
  9 kobolds
  A leopard gecko skeleton (D:4)
  2 rats
74 creatures vanquished.

Notes
Turn   | Place    | Note
-------+----------+-------------------------------------------
     0 | D:1      | Flure the Draconian Ice Elementalist began the quest for
                  | the Orb.
     0 | D:1      | Reached XP level 1. HP: 14/14 MP: 3/3
   191 | D:1      | Reached XP level 2. HP: 20/20 MP: 5/5
   643 | D:2      | Reached XP level 3. HP: 22/26 MP: 6/6
   735 | D:2      | Noticed Jessica
   748 | D:2      | Killed Jessica
   748 | D:2      | Reached skill level 1 in Short Blades
   824 | D:2      | Reached XP level 4. HP: 7/34 MP: 0/7
   829 | D:2      | Reached skill level 1 in Fighting
  1342 | D:2      | Found an iron altar of Okawaru.
  2249 | D:4      | Reached skill level 1 in Shields
  2249 | D:4      | Reached XP level 5. HP: 35/40 MP: 8/8
  3149 | D:4      | Reached XP level 6. HP: 35/48 MP: 9/9
  3281 | D:4      | Noticed Grinder
  3399 | D:4      | Learned a level 4 spell: Summon Ice Beast
  3431 | D:4      | Paralysed by Grinder for 5 turns
  3448 | D:4      | Paralysed by Grinder for 5 turns
  3452 | D:4      | Killed from afar by Grinder

Skill      XL: |  1  2  3  4  5  6 |
---------------+-------------------+-----
Dodging        | 2 3 |  3.0
Stealth        | 2 |  2.0
Short Blades   | 1 2 3 |  3.5
Fighting       | 1 2 |  2.2
Shields        | 1 2 |  2.0
Spellcasting   | |  2.6
Conjurations   | |  1.0
Ice Magic      | |  3.8

Action                   |  1- 3 |  4- 6 || total
-------------------------+-------+-------++-------
Melee: Short sword       |    46 |   163 ||   209
       Tailslap          |     3 |    17 ||    20
 Cast: Freeze            |     6 |     1 ||     7
  Use: Potion            |       |     1 ||     1
 Stab: Sleeping          |     2 |     7 ||     9
  Eat: Chunk             |       |     8 ||     8
Armor: Skin              |    13 |    43 ||    56
Dodge: Dodged            |    18 |    64 ||    82
Block: Shield            |    11 |    52 ||    63
